 Dungeon Crawl Stone Soup version 0.28-a0-998-gb9e9c7b67e (webtiles) character file.

Game seed: 16481099734239081774

175102 karkarkar the Severer (level 18, 0/107 HPs)
             Began as a Vine Stalker Fighter on Dec 5, 2021.
             Was a High Priest of Okawaru.
             Slain by a four-headed hydra (3 damage)
             ... on level 4 of the Swamp.
             The game lasted 02:55:29 (29150 turns).

karkarkar the Severer (Vine Stalker Fighter)       Turns: 29150, Time: 02:55:30

Health: 0/107      AC: 29    Str: 23    XL:     18   Next: 8%
Magic:  0/23       EV: 14    Int: 10    God:    Okawaru [*****.]
Gold:   2625       SH: 12    Dex: 17    Spells: 17/17 levels left

rFire   . . .      SeeInvis +   E - +3 broad axe (flame)
rCold   + . .      Faith    .   c - +0 buckler
rNeg    . . .      Spirit   +   V - +3 chain mail {Will+}
rPois   .          Reflect  +   O - +1 hat {SInv}
rElec   .          Harm     .   P - +2 cloak {rCorr}
rCorr   +          Rampage  ∞   p - +2 pair of gloves {Dex+3}
Will    ++++.                   v - +3 pair of seven-league boots {Rampage+∞}
Stlth   ..........              l - amulet of reflection
HPRegen 1.07/turn               t - +4 ring of evasion
MPRegen 0.18/turn               M - ring of Intercession {Fly rC+ Will+ Int+2 SInv}

@: mighty, on berserk cooldown, flying, slowed, studying Evocations, unable to
read, very slow
A: fangs 3, regeneration 1, magic shield, antimagic bite, no potion heal 2,
iridescent scales 2, clumsy 1, weak 1, inability to read while threatened
a: Renounce Religion, Heroism, Finesse, Duel


You were on level 4 of the Swamp.
You worshipped Okawaru.
Okawaru was extremely pleased with you.
You visited 5 branches of the dungeon, and saw 28 of its levels.
You visited the Abyss 1 time.

You collected 3709 gold pieces.
You spent 1084 gold pieces at shops.

Inventory:

Hand Weapons
 a - the +10 broad axe of Trial by Ordeal {venom, Contam rElec Will+ Str+6}
   (Okawaru gifted it to you on level 6 of the Lair of Beasts)

   It poisons the flesh of those it strikes.
   Str:       It affects your strength (+6).
   rElec:     It insulates you from electricity.
   Contam:    It causes magical contamination when unequipped.
   Will:      It increases your willpower.
 b - the +6 mace of the Endless Servitors {holy, rPois Str+2 Dex-3 Stlth+}
   (You found it on level 2 of the Lair of Beasts)

   It has been blessed by the Shining One to cause great damage to the undead
   and demons.
   Str:       It affects your strength (+2).
   Dex:       It affects your dexterity (-3).
   rPois:     It protects you from poison.
   Stlth:     It makes you more stealthy.
 E - a +3 broad axe of flaming (weapon)
 T - a +8 broad axe of freezing
Missiles
 g - 7 curare-tipped darts
 k - 49 poisoned darts
 n - 4 atropa-tipped darts
 D - 18 boomerangs
 F - 23 javelins
 Q - a silver javelin
Armour
 c - a +0 buckler (worn)
 p - a +2 pair of gloves of dexterity (worn)
 v - the +3 pair of seven-league boots (worn) {Rampage+∞}
   (You found it on level 6 of the Lair of Beasts)

   Its wearer moves as far as possible in that direction when moving towards
   enemies.
 C - a +2 helmet
 O - a +1 hat of see invisible (worn)
 P - a +2 cloak of preservation (worn)
 V - a +3 chain mail of willpower (worn)
Jewellery
 h - a ring of willpower
 l - an amulet of reflection (around neck)
 t - a +4 ring of evasion (left hand)
 B - the amulet of Opelen {RegenMP rC+ Int+2}
   (You bought it in a shop on level 2 of the Orcish Mines)

   [amulet of magic regeneration]

   It increases your rate of magic regeneration.
   Int:       It affects your intelligence (+2).
   rC:        It protects you from cold.
 L - a ring of protection from cold
 M - the ring of Intercession (right hand) {Fly rC+ Will+ Int+2 SInv}
   (You found it on level 2 of the Lair of Beasts)

   [ring of see invisible]

   Int:       It affects your intelligence (+2).
   rC:        It protects you from cold.
   SInv:      It lets you see invisible.
   Fly:       It grants you flight.
   Will:      It increases your willpower.
Wands
 j - a wand of acid (3)
 m - a wand of polymorph (9)
 q - a wand of mindburst (17)
 y - a wand of flame (75)
 J - a wand of iceblast (11)
 W - a wand of paralysis (4)
Scrolls
 e - 2 scrolls of fear
 o - 9 scrolls of teleportation
 u - a scroll of holy word
 w - 4 scrolls of magic mapping
 G - 3 scrolls of immolation
 H - a scroll of noise
 I - 4 scrolls of enchant armour
 K - a scroll of torment
 U - a scroll of brand weapon
 X - a scroll of amnesia
 Y - 2 scrolls of identify
Potions
 d - 3 potions of attraction
 f - 9 potions of mutation
 i - 10 potions of curing
 s - 4 potions of flight
 x - 3 potions of resistance
 z - 2 potions of berserk rage
 A - 6 potions of lignification
 S - 2 potions of invisibility
Miscellaneous
 N - a condenser vane (quivered)


   Skills:
 + Level 16.7 Fighting
 - Level 16.8(18.0) Axes
 - Level 10.7(15.1) Maces & Flails
 - Level 1.6(7.0) Staves
 - Level 1.0 Throwing
 - Level 7.2 Armour
 - Level 4.0 Dodging
 - Level 1.0 Stealth
 * Level 9.1 Shields
 - Level 0.1 Unarmed Combat
 - Level 6.3 Invocations
 + Level 9.4 Evocations


You had 17 spell levels left.
You didn't know any spells.
Your spell library contained the following spells:

 Spells                   Type           Power      Damage    Failure   Level
 Freeze                   Ice            0%         1d3       94%         1
 Slow                     Hex            0%         N/A       94%         1
 Corpse Rot               Necr/Air       0%         N/A       98%         2
 Poisonous Vapours        Pois/Air       0%         N/A       98%         2
 Scorch                   Fire           0%         2d5       98%         2
 Confusing Touch          Hex            0%         N/A       100%        3
 Frozen Ramparts          Ice            0%         1d2       100%        3
 Gell's Gravitas          Tloc           0%         N/A       100%        3
 Ignite Poison            Fire/Tmut/Pois 0%         N/A       100%        3
 Inner Flame              Hex/Fire       0%         N/A       100%        3
 Lesser Beckoning         Tloc           0%         N/A       100%        3
 Mephitic Cloud           Conj/Pois/Air  0%         N/A       100%        3
 Teleport Other           Tloc           0%         N/A       100%        3
 Vampiric Draining        Necr           0%         2d6       100%        3
 Cause Fear               Hex            0%         N/A       100%        4
 Flame Wave               Conj/Fire      0%         2d4       100%        4
 Hailstorm                Conj/Ice       0%         3d3       100%        4
 Blade Hands              Tmut           0%         N/A       100%        5
 Freezing Cloud           Conj/Ice/Air   0%         6-21      100%        5
 Statue Form              Tmut/Erth      0%         N/A       100%        6
 Discord                  Hex            0%         N/A       100%        8
 Necromutation            Tmut/Necr      0%         N/A       100%        8
 Summon Cactus Giant      Summ           Unusable   N/A       N/A         6

Dungeon Overview and Level Annotations

Branches:
Dungeon (15/15)            Temple (1/1) D:7            Lair (6/6) D:8
  Swamp (4/4) Lair:2        Snake (0/4) Lair:2        Slime (0/5) Lair:5
    Orc (2/2) D:10            Elf (0/3) Orc:2        Vaults (0/5) D:14
 Depths (0/4) D:15

Altars:
Ashenzari
Dithmenos
Elyvilon
Fedhas
Hepliaklqana
Kikubaaqudgha
Makhleb
Nemelex Xobeh
Okawaru
Ru
Sif Muna
Trog
Xom
Yredelemnul
Zin
The Shining One
Beogh

Shops:
D:11 *   Orc:1 [   Orc:2 =(*:

Portals:
Trove: D:12 (give +7 demon blade)

Annotations:
Swamp:2 3 runed translucent doors, Strat's ghost, adept DsBr


Innate Abilities, Weirdness & Mutations

You have razor-sharp teeth.
Your natural rate of healing is unusually fast.
When hurt, damage is shared between your health and your magic reserves.
Your bite disrupts and absorbs the magic of your enemies.
Potions cannot restore your health.
You are mostly covered in iridescent scales. (AC +4)
You are clumsy. (Dex -2)
You are weak. (Str -2)
You sometimes lose the ability to read scrolls when taking damage.


Message History

The five-headed hydra misses you.
The five-headed hydra barely misses you.
Okay, then.
You are engulfed in noxious fumes.
You feel less confused.
You hear a bellow!
The eleionoma is engulfed in noxious fumes.
The eleionoma appears confused.
The eleionoma hits you but does no damage.
You hear a bellow!
The eleionoma is engulfed in noxious fumes.
The eleionoma hits the five-headed hydra!
The will-o-the-wisp gestures.
The will-o-the-wisp conjures some foxfire!
The swamp worm is engulfed in noxious fumes.
You block the five-headed hydra's attack.
The five-headed hydra bites you!
* * * LOW HITPOINT WARNING * * *
The five-headed hydra barely misses you.
You block the five-headed hydra's attack.
The five-headed hydra bites you.
* * * LOW HITPOINT WARNING * * *
2 foxfires come into view.
You slash the eleionoma! You burn the eleionoma. You bite the eleionoma!!
The eleionoma's magic leaks into the air.
You drain its magic.
You feel invigorated.
The eleionoma is almost dead.
You lop one of the five-headed hydra's heads off!
The flame cauterises the wound!
You slice the four-headed hydra!! You burn the four-headed hydra.
The foxfire hits you!
* * * LOW HITPOINT WARNING * * *
The foxfire hits you!
* * * LOW HITPOINT WARNING * * *
The will-o-the-wisp gestures.
The will-o-the-wisp conjures some foxfire!
The eleionoma hits the swamp drake!
You block the four-headed hydra's attack.
The four-headed hydra bites you but does no damage. x2
The four-headed hydra bites you!
You die...

##≈$≈ #≈.i≈
#..≈≈ #≈.Y≈.
#≈.≈# #♣≈≈k.
≈D≈# ##D?k ...#
#### ♣≈≈.♣ ♣♣♣
♣♣.....
♣♣♣♣.♣♣w..≈.≈.
♣♣.≈.@RkD≈.≈...
♣.≈.≈§Dv♣....♣♣
♣♣..≈.vv♣ ≈.♣♣
♣♣♣.♣.♣♣ ≈≈♣
♣♣♣♣♣ ≈≈≈ ≈≈ .


You could see an eleionoma (confused), a four-headed hydra, a swamp dragon, a
will-o-the-wisp, a swamp worm and a swamp drake.

Vanquished Creatures
  Jorgrun (D:12)
  Gastronok (D:12)
  Kirke (Swamp:3)
  Frances (D:12)
  Roxanne (Arena)
  Louise (D:14)
  A stone giant (D:15)
  Nessos (D:12)
  4 eleionomae
  4 bunyips
  3 fire dragons
  A rakshasa (D:13)
  3 shambling mangroves
  Erolcha (D:12)
  Fannar (Lair:2)
  23 hydras
  An anaconda (Lair:6)
  5 ogre magi
  4 boulder beetles
  5 centaur warriors
  A ghost crab (Swamp:1)
  A catoblepas (D:13)
  3 death knights
  22 two-headed ogres
  5 alligators
  4 tengu warriors
  A spriggan berserker (Swamp:1)
  6 death yaks
  Urug (Orc:1)
  Nergalle (D:10)
  A deep elf knight (D:15)
  17 skeletal warriors
  A goliath frog (Swamp:1)
  7 swamp dragons
  A bog body (Swamp:2)
  2 lindwurms
  A deep troll (D:14)
  2 deep elf pyromancers
  A wizard (D:11)
  3 wolf spiders
  An orc sorcerer (Orc:2)
  An oklob plant (Arena)
  9 ugly things
  An orb spider (shapeshifter) (D:14)
  4 cyclopes
  A faun (shapeshifter) (D:13)
  5 will-o-the-wisps
  4 manticores
  2 guardian serpents (Lair:6)
  14 elephants
  Maurice (D:11)
  12 black mambas
  A gargoyle (D:13)
  26 cane toads
  A torpor snail (Lair:3)
  An unseen horror (D:11)
  Psyche (D:9)
  14 komodo dragons
  An efreet (D:13)
  2 yaktaurs
  6 rime drakes
  4 freezing wraiths
  2 tengu conjurers (D:13)
  A queen bee (shapeshifter) (D:15)
  10 tyrant leeches
  6 trolls
  A bloated husk (Swamp:2)
  20 blink frogs
  5 polar bears
  Prince Ribbit (D:9)
  19 hornets
  10 slime creatures (D:13)
  2 blink frogs (shapeshifter) (D:14)
  A redback (Lair:6)
  A centaur simulacrum (D:13)
  15 spriggans
  A vampire (D:10)
  3 wraiths
  17 wyverns
  53 yaks
  9 vampire mosquitoes
  A hog (Swamp:3)
  4 humans (Swamp:3)
  Grum (D:9)
  12 basilisks
  2 steam dragons (Lair:6)
  20 swamp worms
  A warg (Orc:1)
  A harpy simulacrum (D:15)
  4 acid dragons
  Edmund (D:4)
  37 water moccasins
  15 orc warriors
  5 swamp drakes
  A black bear (shapeshifter) (D:14)
  A sky beast (D:6)
  2 black bears
  An ice beast (D:6)
  A necrophage (D:6)
  29 ogres
  30 wolves
  4 boggarts (D:15)
  12 centaurs
  12 bullfrogs
  A kobold brigand (D:7)
  2 gnoll sergeants
  2 scorpions
  A water moccasin skeleton (D:4)
  11 killer bees
  13 wights
  An electric eel (Lair:4)
  2 vampire bats (D:5)
  5 howler monkeys
  10 centaur zombies
  13 orc priests
  2 hounds (D:6)
  Crazy Yiuf (D:3)
  2 gnoll shamans (D:8)
  Natasha (thrice) (D:3)
  6 iguanas
  24 orc wizards
  Terence (D:2)
  3 howler monkey zombies (D:8)
  Robin (D:3)
  18 gnolls
  A howler monkey skeleton (D:7)
  9 adders
  3 white imps
  An ufetubus (D:6)
  2 worms (D:2)
  2 dart slugs
  76 orcs
  4 bats
  3 bat skeletons (D:5)
  2 bat zombies (D:5)
  8 endoplasms
  4 giant cockroaches
  15 goblins
  10 hobgoblins
  6 jackals (D:3)
  15 kobolds
  7 quokkas
  10 ball pythons
  A frilled lizard (D:1)
  8 rats
939 creatures vanquished.

Vanquished Creatures (others)
  A hydra (Swamp:4)
  A bloated husk (Swamp:3)
  An orc wizard (D:7)
  15 foxfires
  64 fungi
  137 plants
219 creatures vanquished.

Grand Total: 1158 creatures vanquished

Notes
Turn   | Place    | Note
-------+----------+-------------------------------------------
     0 | D:1      | karkarkar the Vine Stalker Fighter began the quest for the
                  | Orb.
     0 | D:1      | Reached XP level 1. HP: 11/11 MP: 2/2
   348 | D:1      | Reached XP level 2. HP: 12/16 MP: 3/3
   503 | D:1      | Found a faded altar of an unknown god.
   715 | D:1      | Reached XP level 3. HP: 18/20 MP: 2/4
   991 | D:2      | You fall into a shaft and drop 1 floor!
  1130 | D:3      | Gained mutation: Your natural rate of healing is unusually
                  | fast. [Vine Stalker growth]
  1130 | D:3      | Reached XP level 4. HP: 14/24 MP: 5/5
  1602 | D:2      | Noticed Terence
  1632 | D:2      | Reached XP level 5. HP: 28/28 MP: 6/6
  1697 | D:2      | Killed Terence
  2132 | D:3      | Noticed Robin
  2150 | D:3      | Killed Robin
  2218 | D:3      | Noticed Natasha
  2225 | D:3      | Killed Natasha
  2226 | D:3      | Reached XP level 6. HP: 32/32 MP: 7/7
  2243 | D:3      | Found a runed translucent door.
  2244 | D:3      | Noticed Crazy Yiuf
  2367 | D:3      | Noticed Natasha
  2374 | D:3      | Killed Natasha
  2383 | D:3      | Noticed Natasha
  2390 | D:3      | Killed Natasha
  2436 | D:3      | Killed Crazy Yiuf
  2497 | D:4      | Reached skill level 5 in Axes
  2812 | D:4      | Reached XP level 7. HP: 20/37 MP: 3/8
  2880 | D:4      | Noticed Edmund
  3097 | D:5      | Entered Level 5 of the Dungeon
  3130 | D:5      | Reached skill level 1 in Dodging
  3609 | D:5      | Gained mutation: You have razor-sharp teeth. [Vine Stalker
                  | growth]
  3609 | D:5      | Reached XP level 8. HP: 42/42 MP: 9/9
  3610 | D:5      | Found an ancient bone altar of Kikubaaqudgha.
  3730 | D:5      | Identified a scroll of acquirement
  3730 | D:5      | Acquired 752 gold pieces
  4986 | D:6      | Reached skill level 1 in Throwing
  4986 | D:6      | Reached skill level 1 in Stealth
  5081 | D:4      | Killed Edmund
  5082 | D:4      | Reached XP level 9. HP: 46/46 MP: 10/10
  5189 | D:4      | Reached skill level 5 in Fighting
  5578 | D:7      | Reached skill level 1 in Maces & Flails
  6143 | D:7      | Found a staircase to the Ecumenical Temple.
  6156 | Temple   | Entered the Ecumenical Temple
  6359 | Temple   | Became a worshipper of Warmaster Okawaru
  6866 | D:8      | Noticed a boulder beetle
  6866 | D:8      | Noticed a cyclops
  7020 | D:8      | Reached skill level 1 in Invocations
  7027 | D:8      | Reached * piety under Okawaru
  7028 | D:8      | Reached XP level 10. HP: 53/53 MP: 10/12
  7061 | D:8      | Noticed a two-headed ogre
  7074 | D:8      | Killed a two-headed ogre
  7208 | D:8      | Noticed an elephant
  7209 | D:8      | Found a staircase to the Lair.
  7341 | D:8      | Noticed a two-headed ogre
  7353 | D:8      | Killed a two-headed ogre
  7353 | D:8      | Reached ** piety under Okawaru
  7514 | D:8      | Killed a boulder beetle
  7603 | D:8      | Reached skill level 5 in Invocations
  7832 | D:8      | Killed an elephant
  7832 | D:8      | Reached *** piety under Okawaru
  8504 | D:9      | Reached XP level 11. HP: 62/62 MP: 16/16
  8520 | D:9      | Noticed a manticore
  8528 | D:9      | Killed a manticore
  8529 | D:9      | Reached skill level 1 in Evocations
  8585 | D:9      | Noticed a two-headed ogre
  8599 | D:9      | Killed a two-headed ogre
  8599 | D:9      | Reached **** piety under Okawaru
  8599 | D:9      | Received a gift from Okawaru
  8600 | D:9      | Reached skill level 10 in Fighting
  8771 | D:9      | Acquired the +0 staff of Battle
  8771 | D:9      | Found the +0 staff of Battle
  8970 | D:9      | Noticed Prince Ribbit
  8990 | D:9      | Killed Prince Ribbit
  9108 | D:9      | Noticed a two-headed ogre
  9118 | D:9      | Killed a two-headed ogre
  9118 | D:9      | Received a gift from Okawaru
  9208 | D:9      | Noticed Grum
  9231 | D:9      | Killed Grum
  9371 | D:10     | Entered Level 10 of the Dungeon
  9506 | D:10     | Reached skill level 1 in Staves
  9568 | D:10     | Noticed Nergalle
  9574 | D:10     | Noticed a spectral orc warlord
  9578 | D:10     | Killed Nergalle
  9702 | D:10     | Found a staircase to the Orcish Mines.
 10001 | D:10     | Noticed a two-headed ogre
 10006 | D:10     | Killed a two-headed ogre
 10006 | D:10     | Noticed an ogre mage
 10007 | D:10     | Reached XP level 12. HP: 62/70 MP: 13/17
 10014 | D:10     | Killed an ogre mage
 10014 | D:10     | Reached ***** piety under Okawaru
 10018 | D:10     | Noticed a five-headed hydra
 10034 | D:10     | Killed a five-headed hydra
 10037 | D:10     | Noticed a tengu warrior
 10064 | D:10     | Killed a tengu warrior
 10065 | D:10     | Reached skill level 10 in Axes
 10273 | D:10     | Found a glowing golden altar of the Shining One.
 10459 | D:11     | Found a glowing silver altar of Zin.
 10460 | D:11     | Found Zin's Purification Station.
 10468 | D:11     | Noticed a two-headed ogre
 10478 | D:11     | Killed a two-headed ogre
 10478 | D:11     | Received a gift from Okawaru
 10793 | D:11     | Noticed Maurice
 10812 | D:11     | Killed Maurice
 11343 | D:12     | Noticed Nessos
 11391 | D:9      | Noticed Psyche
 11394 | D:9      | Cast into level 1 of the Abyss (Psyche)
 11412 | D:9      | Escaped the Abyss
 11416 | D:9      | Killed Psyche
 11464 | Lair:1   | Entered Level 1 of the Lair of Beasts
 11464 | Lair:1   | Noticed a four-headed hydra
 11473 | D:8      | Killed a four-headed hydra
 11608 | Lair:1   | Reached XP level 13. HP: 77/77 MP: 18/18
 11626 | Lair:1   | Reached skill level 5 in Armour
 12526 | Lair:1   | Reached ****** piety under Okawaru
 12714 | Lair:2   | Acquired a manual of Evocations
 12941 | Lair:2   | Noticed Fannar
 12961 | Lair:2   | Killed Fannar
 12975 | Lair:2   | Received a gift from Okawaru
 13012 | Arena    | Entered the Arena
 13285 | Lair:2   | Identified the +6 mace of the Endless Servitors {holy,
                  | rPois Str+2 Dex-3 Stlth+}
 13297 | Lair:2   | Identified the ring of Intercession {Fly rC+ Will+ Int+2
                  | SInv}
 13632 | Lair:2   | Found a staircase to the Snake Pit.
 13878 | Lair:2   | Reached XP level 14. HP: 69/84 MP: 16/19
 13925 | Lair:2   | Found a staircase to the Swamp.
 14018 | Lair:2   | Reached skill level 5 in Maces & Flails
 14805 | Lair:3   | Received a gift from Okawaru
 14840 | Lair:3   | Identified the +4 helmet of Adeexy {rElec Dex+7 Slay-5
                  | SInv}
 15211 | Lair:3   | Reached skill level 5 in Evocations
 15839 | Lair:4   | Identified the +5 dagger of Uditag {vorpal, Dex+7}
 15956 | Lair:4   | Identified the +5 hand axe "Dotwir" {vorpal, Int+3}
                  | (Okawaru gifted it to you on level 4 of the Lair of Beasts)
 15956 | Lair:4   | Received a gift from Okawaru
 16268 | Lair:4   | Reached skill level 15 in Fighting
 16715 | Lair:5   | Found a staircase to the Slime Pits.
 17409 | Lair:6   | Entered Level 6 of the Lair of Beasts
 17977 | Lair:6   | Received a gift from Okawaru
 18128 | Lair:6   | Reached XP level 15. HP: 90/90 MP: 20/20
 18619 | Lair:6   | Found the +3 pair of seven-league boots {Rampage+∞}
 18691 | Lair:6   | Reached skill level 10 in Maces & Flails
 19064 | Lair:6   | Identified the +3 trident of Sacsiz {drain, *Slow Will-
                  | Dex+9 SInv}
 19378 | Lair:6   | Identified the +10 broad axe of Trial by Ordeal {venom,
                  | Contam rElec Will+ Str+6} (Okawaru gifted it to you on
                  | level 6 of the Lair of Beasts)
 19378 | Lair:6   | Received a gift from Okawaru
 20434 | Orc:1    | Entered Level 1 of the Orcish Mines
 20492 | Orc:2    | Entered Level 2 of the Orcish Mines
 21008 | Orc:2    | Found a staircase to the Elven Halls.
 21265 | Orc:2    | Received a gift from Okawaru
 21442 | Orc:2    | Found Waiqo's Jewellery Boutique.
 21442 | Orc:2    | Found Suf Reug's Assorted Antiques.
 21442 | Orc:2    | Found Ybonuk's Weapon Emporium.
 21442 | Orc:2    | Found Ditikkul's Book Shop.
 21450 | Orc:2    | Bought a scroll of identify for 38 gold pieces
 21450 | Orc:2    | Bought a scroll of identify for 38 gold pieces
 21539 | Orc:2    | Reached XP level 16. HP: 91/95 MP: 21/21
 21976 | Orc:1    | Noticed Urug
 21987 | Orc:1    | Killed Urug
 22163 | Orc:1    | Found Bitair's Armour Boutique.
 22504 | Orc:2    | Bought a scroll of fear for 66 gold pieces
 22504 | Orc:2    | Bought a potion of curing for 57 gold pieces
 22504 | Orc:2    | Bought a potion of curing for 57 gold pieces
 22504 | Orc:2    | Bought a scroll of teleportation for 57 gold pieces
 22568 | Orc:2    | Bought the amulet of Opelen {RegenMP rC+ Int+2} for 771
                  | gold pieces
 22721 | D:12     | Found a portal to a secret trove of treasure.
 22758 | D:12     | Noticed Frances
 22761 | D:12     | Gained mutation: You are occasionally teleported next to
                  | monsters. [mutagenic glow]
 22782 | D:12     | Killed Frances
 22791 | D:12     | Noticed Jorgrun
 22853 | D:12     | Killed Jorgrun
 22976 | D:12     | Killed Nessos
 23159 | D:12     | Noticed Gastronok
 23246 | D:12     | Killed Gastronok
 23264 | D:12     | Noticed Erolcha
 23269 | D:12     | Killed Erolcha
 23639 | D:13     | Received a gift from Okawaru
 23645 | D:13     | Reached skill level 15 in Axes
 24525 | D:13     | Identified the +10 falchion "Xuaziq" {speed, Stlth+}
 24864 | D:14     | Lost mutation: You are occasionally teleported next to
                  | monsters. [potion of mutation]
 24864 | D:14     | Gained mutation: You are partially covered in iridescent
                  | scales. (AC +2) [potion of mutation]
 24864 | D:14     | Gained mutation: You are mostly covered in iridescent
                  | scales. (AC +4) [potion of mutation]
 25068 | D:14     | Identified the +3 ring mail of the Evening Star {Fly rF-
                  | Regen+ Int+8}
 25071 | D:14     | Received a gift from Okawaru
 25236 | D:14     | Found a gate to the Vaults.
 25375 | D:14     | Noticed Louise
 25390 | D:14     | Killed Louise
 25390 | D:14     | Received a gift from Okawaru
 25391 | D:14     | Reached XP level 17. HP: 98/99 MP: 22/22
 25427 | D:14     | Gained mutation: You are weak. (Str -2) [mutagenic glow]
 25793 | D:15     | Entered Level 15 of the Dungeon
 26370 | D:15     | Found a staircase to the Depths.
 26376 | D:15     | Reached skill level 5 in Shields
 26691 | Swamp:1  | Entered Level 1 of the Swamp
 27178 | Swamp:1  | Identified the +4 mace of Qazlal's Anger {distort, Int+3
                  | Stlth-}
 27437 | Swamp:2  | Noticed a tentacled monstrosity
 27438 | Swamp:2  | Noticed Strat's ghost (adept DsBr)
 27639 | Swamp:2  | Found a runed translucent gate.
 27639 | Swamp:2  | Found a runed translucent gate.
 27639 | Swamp:2  | Found a runed translucent gate.
 27820 | Swamp:2  | Received a gift from Okawaru
 27989 | Swamp:2  | Gained mutation: You are clumsy. (Dex -2) [mutagenic glow]
 28563 | Swamp:3  | Noticed Kirke
 28577 | Swamp:3  | Killed Kirke
 28856 | Swamp:3  | Identified Roxanne's Catalogue of Transmutation
 28856 | Swamp:3  | Noticed Roxanne
 28859 | Arena    | Entered the Arena
 28870 | Arena    | Killed Roxanne
 29062 | Swamp:4  | Entered Level 4 of the Swamp
 29065 | Swamp:4  | Gained mutation: You sometimes lose the ability to read
                  | scrolls when taking damage. [mutagenic glow]
 29081 | Swamp:4  | Reached XP level 18. HP: 50/107 MP: 23/23
 29150 | Swamp:4  | HP: 3/107 [will-o-the-wisp/foxfire (6)]
 29150 | Swamp:4  | Slain by a four-headed hydra

Illustrated notes

Levels and vault maps discovered:
D:1:      psy_arrival_heroes, layout_basic,
          hellmonk_ecumenical_altar_inner_sanctum, minmay_surrounded
D:2:      layout_loops_ring, amcnicky_mini_rare_corridor_liquid, uniq_terence
D:3:      layout_rooms, uniq_robin, uniq_natasha, uniq_crazy_yiuf_cottage
D:4:      cheibrodos_barr_body, layout_loops_ring, uniq_edmund
D:5:      layout_loops_ring, kennysheep_vampire_church, minivault_27,
          grunt_decor_fettered
D:6:      layout_loops_corners
D:7:      layout_basic, minmay_temple_entry_fiery, chequers_hall_statues_y,
          hangedman_decor_push
D:8:      layout_layer_cave, david_lair_generic, minmay_shattered_shrine
D:9:      minmay_distorted_concentric_squares, layout_stronghold, uniq_psyche,
          uniq_grum, uniq_prince_ribbit1
D:10:     layout_gridville, tso_altar, hiddenorc2_lemuel, minmay_pinched_square,
          uniq_nergalle
D:11:     layout_basic, st_stairs_1, zin_purify, uniq_maurice
D:12:     layout_cave_pools, nicolae_trove_entry_isolated, drop_trap,
          uniq_jorgrun, uniq_frances, uniq_gastronok, uniq_erolcha, uniq_nessos
D:13:     minmay_triangles_in_corner, layout_basic, minmay_microvault
D:14:     layout_irregular_city, david_vaults_4, minmay_misc_feat_pillars,
          minmay_misc_feat_room, uniq_louise
D:15:     grunt_enter_depths_snipers, layout_small_grid, solitary_fountain
Temple:   mainiacjoe_temple_cubbyholes
Lair:1:   layout_gridlike, grunt_megastairs_3, serial_bayou_shore_b
Lair:2:   nzn_winding_woodlands_cross [nzn_winding_woodlands_5x15_parted,
          nzn_winding_woodlands_5x15_eye, nzn_winding_woodlands_5x15_jagged,
          nzn_winding_woodlands_5x15_cabin,
          nzn_winding_woodlands_15x15_five_gardens], layout_hall_layers,
          palyth_hydra_swamp_entry, minmay_lair_oklob_bushes,
          chequers_serial_rivers_micro_b, st_stairs_11, uniq_fannar
Lair:3:   layout_regular_city, grunt_megastairs_5
Lair:4:   layout_regular_city, serial_bayou_pond_d, infiniplex_staircase_pool_2,
          serial_bayou_shore_a, grunt_megastairs_4
Lair:5:   layout_loops_ring, slime_dummy
Lair:6:   guppyfry_lair_end_dragon, layout_hall_layers,
          hangedman_lair_tendril_chambers,
          hellmonk_guarded_unrand_seven_league_boots
Swamp:1:  layout_basic_swamp, nicolae_swamp_trees_clearing, swamp_pool1
Swamp:2:  layout_basic_swamp, gammafunk_ghost_split, nicolae_swamp_small_spring,
          swamp_pool1, statue_in_the_mist_lemuel
Swamp:3:  layout_basic_swamp, evilmike_swamp_ruin_house_2, swamp_pool1,
          uniq_roxanne, uniq_kirke
Swamp:4:  swamp_basic_johnstein, layout_basic_swamp, swamp_pool1
Orc:1:    layout_diamond_mine, serial_shops, shop, minmay_orc_temple_a,
          uniq_urug
Orc:2:    st_orc_ogre_mass, layout_caves

Skill      XL: |  1  2  3  4  5  6  7  8  9 10 11 12 13 14 15 16 17 18 |
---------------+-------------------------------------------------------+-----
Fighting       | 3 4 6 9 11 13 14 15 16 | 16.7
Axes           | 2 3 4 5 6 8 9 10 11 13 16 | 16.8
Shields        | 3 4 8 9 |  9.1
Dodging        | 1 2 4 |  4.0
Throwing       | 1 |  1.0
Stealth        | 1 |  1.0
Maces & Flails | 1 4 9 10 | 10.7
Invocations    | 1 5 6 |  6.3
Evocations     | 2 3 4 6 7 8 9 |  9.4
Staves         | 1 |  1.6
Armour         | 4 6 7 |  7.2
Unarmed Combat | |  0.1

Action                   |  1- 3 |  4- 6 |  7- 9 | 10-12 | 13-15 | 16-18 || total
-------------------------+-------+-------+-------+-------+-------+-------++-------
Melee: War axe           |    77 |   149 |   182 |       |       |       ||   408
       Bite              |    11 |    46 |   121 |   178 |   605 |   373 ||  1334
       Unarmed           |       |     1 |       |       |       |       ||     1
       Flail             |       |       |   194 |   413 |   294 |       ||   901
       Staff             |       |       |       |    83 |       |       ||    83
       Mace              |       |       |       |       |   921 |    30 ||   951
       Broad axe         |       |       |       |       |   150 |   663 ||   813
Throw: Javelin           |       |       |    22 |    37 |    81 |    10 ||   150
       Dart              |       |       |     4 |    31 |    28 |    11 ||    74
       Boomerang         |       |       |       |     9 |    80 |   180 ||   269
Invok: Heroism           |       |       |       |    23 |    43 |    35 ||   101
       Finesse           |       |       |       |       |     3 |     8 ||    11
       Duel              |       |       |       |       |     1 |     1 ||     2
Evoke: Wand              |       |       |     1 |    11 |     1 |     6 ||    19
  Use: Potion            |     1 |     2 |     2 |     3 |     7 |     6 ||    21
       Scroll            |       |     3 |     4 |     6 |    20 |    12 ||    45
 Stab: Invisible         |       |       |       |       |     1 |       ||     1
       Paralysed         |       |       |       |       |       |     1 ||     1
Armor: Scale mail        |    38 |    48 |   146 |   222 |   261 |       ||   715
       Chain mail        |       |       |       |       |   141 |   254 ||   395
Dodge: Dodged            |    35 |    46 |   178 |   388 |   709 |   269 ||  1625
Block: Buckler           |    13 |    71 |   195 |   381 |   645 |   268 ||  1573
       Reflection        |       |     1 |     2 |     9 |     6 |    24 ||    42

Table legend: (Time is in decaauts)
 A = Elapsed time spent in this place.
 B = Non-inter-level travel time spent in this place.
 C = Inter-level travel time spent in this place.
 D = Time resting spent in this place.
 E = Time spent auto-exploring this place.
 F = Levels seen in this place.
 G = Mean time per level.
                   A        B        C        D        E       F      G
               +--------+--------+--------+--------+--------+-----+--------+
         Total |  28841 |  27233 |   1608 |   1337 |  16438 |  31 |  930.4 |
       Dungeon |  15344 |  14349 |    995 |    441 |   9886 |  15 | 1022.9 |
        Temple |    221 |    203 |     18 |      0 |    196 |   1 |  221.0 |
          Lair |   8714 |   8315 |    399 |    736 |   4143 |   6 | 1452.3 |
         Swamp |   2349 |   2310 |     39 |    156 |   1435 |   4 |  587.2 |
  Orcish Mines |   2158 |   2003 |    155 |      0 |    777 |   2 | 1079.0 |
         Abyss |     17 |     17 |      0 |      0 |      0 |   1 |   17.0 |
         Arena |     35 |     35 |      0 |      4 |      0 |   2 |   17.5 |
               +--------+--------+--------+--------+--------+-----+--------+

Top non-repeatable levels by time:
  Lair:6: 2208 daAuts
     D:8: 1928 daAuts
  Lair:2: 1665 daAuts
   Orc:2: 1662 daAuts
  Lair:5: 1271 daAuts
  Lair:1: 1258 daAuts
  Lair:4: 1237 daAuts
    D:13: 1209 daAuts
    D:10: 1175 daAuts
    D:11: 1103 daAuts
     D:5: 1074 daAuts
  Lair:3: 1074 daAuts
    D:14: 1036 daAuts
     D:1: 1013 daAuts
     D:4: 973 daAuts
